 Dungeon Crawl Stone Soup version 0.23-a0-290-g290e36d (console) character file.

6255 nht the Quickloader (level 10, -13/136 HPs)
             Began as a Minotaur Hunter on Oct 3, 2018.
             Was a Priest of Okawaru.
             Hit by a large rock thrown by a cyclops (29 damage)
             ... on level 11 of the Dungeon.
             The game lasted 00:14:32 (8036 turns).

nht the Quickloader (Minotaur Hunter)               Turns: 8036, Time: 00:14:33

Health: -13/136    AC: 25    Str: 20    XL:     10   Next: 62%
Magic:  11/11      EV:  2    Int:  8    God:    Okawaru [***...]
Gold:   300        SH:  0    Dex: 15    Spells: 9/9 levels left

rFire    . . .     SeeInvis .   a - +2 hand crossbow
rCold    . . .     Gourm    .   (no shield)
rNeg     + + +     Faith    .   (armour currently unavailable)
rPois    +         Spirit   .   (helmet currently unavailable)
rElec    .         Reflect  .   (cloak currently unavailable)
rCorr    .         Harm     .   (gloves currently unavailable)
MR       .....     NoTele   +   (boots currently unavailable)
Stlth    ++........             (no amulet)
HPRegen  0.32/turn              P - -3 ring of slaying (curse)
MPRegen  0.12/turn              I - ring "Wiuts" {Dex+4 Stlth+}

@: confused, tree-form
A: (retaliatory headbutt)
a: Heroism, Renounce Religion


You were on level 11 of the Dungeon.
You worshipped Okawaru.
Okawaru was most pleased with you.
You were not hungry.
You were a tree.
You visited 2 branches of the dungeon, and saw 10 of its levels.
You also visited: Labyrinth, Sewer and Ossuary.

You collected 546 gold pieces.
You spent 246 gold pieces at shops.

Inventory:

Hand Weapons
 a - a +2 hand crossbow (weapon)
 H - the +7 quarterstaff "Valliosch" {protect, rN+ Dex+6}
   (You found it on level 8 of the Dungeon)

   It protects the one who uses it against injury (+AC on strike).
   It affects your dexterity (+6).
   It protects you from negative energy.
Missiles
 d - 22 bolts (quivered)
 B - 19 silver javelins
Armour
 q - a +1 pair of gloves (melded)
 Q - a +0 leather armour of cold resistance (melded)
Jewellery
 j - an uncursed ring of see invisible
 I - the ring "Wiuts" (right branch) {Dex+4 Stlth+}
   (You took it off a minotaur in a labyrinth)

   [ring of stealth]

   It affects your dexterity (+4).
   It makes you more stealthy.
 P - a cursed -3 ring of slaying (left branch)
Wands
 h - a wand of random effects (59)
 m - a wand of paralysis (6)
 x - a wand of flame (12)
 N - a wand of scattershot (3)
 O - a wand of clouds (2)
Scrolls
 e - 4 scrolls of teleportation
 g - 2 scrolls of remove curse
 p - 3 scrolls of fog
 r - 4 scrolls of fear
 s - 2 scrolls of blinking
 u - 2 scrolls of enchant armour
 w - 4 scrolls of enchant weapon
Potions
 i - 4 potions of curing
 k - a potion of invisibility
 l - 3 potions of flight
 n - 2 potions of magic
 o - a potion of lignification
 t - a potion of ambrosia
 v - a potion of cancellation
 z - 2 potions of heal wounds
 A - a potion of brilliance
 C - 3 potions of haste
 D - a potion of berserk rage
 E - a potion of might {unknown}
 F - a potion of resistance
 G - 2 potions of degeneration {unknown}
Comestibles
 f - 20 rations


   Skills:
 - Level 9.2 Fighting
 + Level 6.3 Staves
 - Level 12.0 Crossbows
 - Level 8.7 Armour
 - Level 2.1 Dodging
 - Level 0.7 Stealth
 - Level 3.4 Invocations


You had 9 spell levels left.
You didn't know any spells.
Your spell library contained the following spells:

 Spells                   Type           Power        Failure   Level  Hunger
 Beastly Appendage        Tmut           #.....       41%         1    ##.....
 Freeze                   Ice            #...         41%         1    ##.....
 Passwall                 Tmut/Erth      #.......     54%         2    ###....
 Sticks to Snakes         Tmut           #.......     54%         2    ###....
 Sublimation of Blood     Necr           #.........   54%         2    ###....
 Swiftness                Chrm/Air       #.......     54%         2    ###....
 Throw Frost              Conj/Ice       #.....       54%         2    ###....
 Ignite Poison            Fire/Tmut/Pois #.......     78%         3    ####...
 Spider Form              Tmut/Pois      #.........   78%         3    ####...
 Ice Form                 Ice/Tmut       #.......     99%         4    #####..
 Passage of Golubria      Tloc           N/A          99%         4    #####..
 Petrify                  Tmut/Erth      #.......     99%         4    #####..
 Summon Ice Beast         Ice/Summ       #.......     99%         4    #####..
 Alistair's Intoxication  Tmut/Pois      #.......     100%        5    ######.
 Blade Hands              Tmut           #.........   100%        5    ######.
 Fireball                 Conj/Fire      #.........   100%        5    ######.
 Irradiate                Conj/Tmut      #.........   100%        5    ######.
 Lee's Rapid Deconstruct  Erth           #.........   100%        5    ######.
 Bolt of Cold             Conj/Ice       #.........   100%        6    #######
 Bolt of Fire             Conj/Fire      #.........   100%        6    #######
 Darkness                 Hex            #.........   100%        6    #######
 Invisibility             Hex            #.......     100%        6    #######
 Ring of Flames           Chrm/Fire      #.........   100%        7    #######
 Ignition                 Fire           #.........   100%        8    #######


Dungeon Overview and Level Annotations

Branches:
Dungeon (11/15)            Temple (1/1) D:6
   Lair: D:8-11         Orc: D:9-12

Altars:
Ashenzari
Cheibriados
Dithmenos
Elyvilon
Fedhas
Gozag
Hepliaklqana
Kikubaaqudgha
Makhleb
Nemelex Xobeh
Okawaru
Qazlal
Ru
Sif Muna
Trog
Uskayaw
Vehumet
Wu Jian
Xom
Yredelemnul
Zin
The Shining One

Shops:
D:4 }??:%   D:11 (


Innate Abilities, Weirdness & Mutations

((You reflexively headbutt those who attack you in melee.))
((You have a pair of horns on your head.))


Message History

Aim: an orc warrior, wielding a halberd and wearing a plate armour (flame, You shoot a bolt.
The bolt hits the orc warrior.
The orc warrior is heavily wounded.
The orc warrior is engulfed in blazing flames.
The orc warrior hits you with a halberd!!!
* * * LOW HITPOINT WARNING * * *
You hear a shout!
You turn into a tree.
Your +1 pair of gloves melds into your body.
Your +0 leather armour of cold resistance melds into your body.
You feel less resistant to cold.
Your roots penetrate the ground.
The orc warrior is engulfed in blazing flames.
The orc warrior hits you but does no damage.
A cyclops opens the door.
You are confused.
You feel invigorated.
The orc warrior is engulfed in blazing flames.
The orc warrior barely misses you.
The cyclops throws a large rock.
The large rock hits you!!
You die... ████████+██ ██+██

████.........█
█.<(.██§§§...(.....█
█.((.♣o§██)........█
█>(..█████.........█
█.... █.........+


███'█ █.........█ █C█ █...(.....█ █.█ █.........█ ██.. ████'██████ █.. █.████
█.█ █<...█ You could see a cyclops and an orc warrior (berserk).

Vanquished Creatures
  A minotaur (Lab)
  Pikel (D:6)
  A kobold demonologist (D:11)
  A komodo dragon (D:11)
  A troll (D:11)
  A harpy skeleton (D:11)
  A hippogriff (D:8)
  A wraith (Ossuary)
  Sigmund (D:3)
  A vampire (D:11)
  Eustachio (D:6)
  A water moccasin (D:6)
  An acid dragon (D:11)
  3 orc warriors
  2 phantoms (D:4)
  A black bear (D:8)
  A sky beast (D:5)
  A slave (D:6)
  5 ogres
  A centaur (D:7)
  A big kobold (D:8)
  A crocodile (Sewer)
  5 bullfrogs
  A scorpion (D:8)
  4 crimson imps
  3 bullfrog zombies
  5 bullfrog skeletons
  6 orc wizards
  3 hounds
  6 orc priests
  Natasha (thrice) (D:3)
  5 worker ants
  3 hound skeletons
  A mummy (Ossuary)
  Robin (D:4)
  A howler monkey skeleton (D:6)
  18 adders
  A shadow imp (D:6)
  An ooze (D:2)
  An adder skeleton (D:8)
  2 worms
  A dart slug (D:4)
  2 leopard geckos
  27 orcs
  4 giant cockroaches
  13 goblins
  8 hobgoblins
  19 jackals
  28 kobolds
  2 quokkas (D:3)
  3 ball pythons (D:3)
  10 bats
  5 frilled lizards
  9 gnoll skeletons (Ossuary)
  4 kobold skeletons (Ossuary)
  A leopard gecko zombie (D:6)
  12 orc skeletons (Ossuary)
  2 quokka skeletons (D:4)
  5 rats
254 creatures vanquished.

Vanquished Creatures (others)
  A slave (D:6)
  A jelly (D:6)
  An adder (D:6)
  2 shadow imps (D:6)
  An ooze (D:6)
6 creatures vanquished.

Grand Total: 260 creatures vanquished

Notes
Turn   | Place    | Note
-------+----------+-------------------------------------------
     0 | D:1      | nht the Minotaur Hunter began the quest for the Orb.
     0 | D:1      | Reached XP level 1. HP: 18/18 MP: 0/0
   230 | D:1      | Reached XP level 2. HP: 25/25 MP: 1/1
   578 | D:1      | Reached skill level 1 in Armour
   705 | D:1      | Reached skill level 5 in Crossbows
   889 | D:2      | Reached XP level 3. HP: 31/31 MP: 2/2
  1095 | D:2      | Reached XP level 4. HP: 36/38 MP: 3/3
  1175 | D:2      | Found a faded altar of an unknown god.
  1458 | D:2      | Found an ancient bone altar of Kikubaaqudgha.
  1954 | D:3      | Noticed Natasha
  1960 | D:3      | Killed Natasha
  1960 | D:3      | Reached skill level 6 in Crossbows
  1960 | D:3      | Reached XP level 5. HP: 46/46 MP: 4/4
  1981 | D:3      | Found a glowing drain.
  1990 | Sewer    | Entered a sewer
  2048 | Sewer    | Noticed a crocodile
  2053 | Sewer    | Killed a crocodile
  2240 | D:3      | Reached XP level 6. HP: 52/52 MP: 5/5
  2344 | D:3      | Noticed Sigmund
  2349 | D:3      | Killed Sigmund
  2349 | D:3      | Reached skill level 7 in Crossbows
  2492 | D:3      | Noticed Natasha
  2495 | D:3      | Killed Natasha
  2914 | D:3      | Noticed Natasha
  2923 | D:3      | Killed Natasha
  3028 | D:4      | Reached skill level 5 in Fighting
  3028 | D:4      | Reached XP level 7. HP: 61/61 MP: 6/6
  3059 | D:4      | Found Qodgh's Magic Scroll Boutique.
  3069 | D:4      | Bought a scroll of fog for 26 gold pieces
  3069 | D:4      | Bought a scroll of fear for 45 gold pieces
  3069 | D:4      | Bought a scroll of blinking for 97 gold pieces
  3069 | D:4      | Bought a scroll of identify for 26 gold pieces
  3076 | D:4      | Bought a scroll of identify for 26 gold pieces
  3076 | D:4      | Bought a scroll of identify for 26 gold pieces
  3104 | D:4      | Found Soeggeim's Magic Scroll Boutique.
  3148 | D:4      | Noticed Robin
  3162 | D:4      | Killed Robin
  3315 | D:4      | Found Paty's Book Boutique.
  3356 | D:4      | Reached skill level 8 in Crossbows
  3418 | D:4      | Found a deep blue altar of Sif Muna.
  3494 | D:4      | Reached skill level 5 in Armour
  3638 | D:4      | Found Fahybb's Food Shop.
  3873 | D:4      | Found Caatygi's Gadget Emporium.
  4004 | D:5      | Entered Level 5 of the Dungeon
  4062 | D:5      | Reached XP level 8. HP: 67/70 MP: 7/7
  4415 | D:5      | Found a stormy altar of Qazlal.
  4422 | D:5      | Identified Sif Muna's Disquisition on Congealing
                  | Transformation
  4452 | D:5      | Reached skill level 9 in Crossbows
  4760 | D:6      | Found a hide-covered altar of Uskayaw.
  4763 | D:6      | Noticed Pikel
  4777 | D:6      | Killed Pikel
  4777 | D:6      | Reached skill level 10 in Crossbows
  4777 | D:6      | Reached XP level 9. HP: 55/79 MP: 8/8
  5237 | D:6      | Noticed Eustachio
  5245 | D:6      | Killed Eustachio
  5356 | D:6      | Found a staircase to the Ecumenical Temple.
  5393 | Temple   | Entered the Ecumenical Temple
  5446 | Temple   | Became a worshipper of Warmaster Okawaru
  5882 | D:7      | Found a sand-covered staircase.
  5885 | D:7      | Found an ornate altar of the Wu Jian Council.
  5891 | Ossuary  | Entered an ossuary
  6314 | D:7      | Reached skill level 11 in Crossbows
  6314 | D:7      | Reached skill level 1 in Invocations
  6542 | D:7      | Found an opulent altar of Gozag.
  6545 | D:7      | Found a shimmering altar of Xom.
  6700 | D:8      | Found a basalt altar of Yredelemnul.
  6755 | D:8      | Reached * piety under Okawaru
  6768 | D:8      | Found a sparkling altar of Nemelex Xobeh.
  6866 | D:8      | Got a translucent quarterstaff
  7042 | D:8      | You fall through a shaft for 3 floors!
  7137 | D:11     | Reached XP level 10. HP: 44/90 MP: 10/10
  7182 | D:11     | Found a labyrinth entrance.
  7226 | Lab      | Entered a labyrinth
  7407 | Lab      | Noticed a minotaur
  7450 | Lab      | Killed a minotaur
  7450 | Lab      | Reached ** piety under Okawaru
  7450 | Lab      | Reached skill level 12 in Crossbows
  7458 | Lab      | Got a heavily runed jade ring
  7496 | Lab      | Identified the ring "Wiuts" {Dex+4 Stlth+} (You took it off
                  | a minotaur in a labyrinth)
  7516 | D:11     | Identified the +7 quarterstaff "Valliosch" {protect, rN+
                  | Dex+6} (You found it on level 8 of the Dungeon)
  7534 | D:11     | Found Esesasirgh's Antique Weapon Emporium.
  7534 | D:11     | Noticed a cyclops
  7552 | D:11     | Reached skill level 1 in Staves
  7842 | D:11     | Reached *** piety under Okawaru
  7928 | D:11     | Reached skill level 5 in Staves
  8036 | D:11     | Hit by a large rock thrown by a cyclops

Vault maps used:
D:1:      nzn_arrival_depleted_hourglass
D:2:      old_standard_altar, chequers_ecumenical_altar_simple_redux,
          roderic_serpentine_path, kennysheep_nondescript,
          minmay_misc_feat_roman
D:3:      cheibrodos_sewer_entry_drain, uniq_natasha, uniq_sigmund
D:4:      led_sif_book, serial_shops, kennysheep_mini_moat, shop,
          kennysheep_mini, shop, shop, first_ration, st_stairs_5, uniq_robin
D:5:      nicolae_overflow_crystal_walls
D:6:      minmay_opposing_rooms, lemuel_round_altar, minmay_temple_entry_trees,
          uniq_pikel, uniq_eustachio
D:7:      nicolae_overflow_hidden_temple, enter_ossuary_2
D:8:      overflow_temple_1_default, nemelex_xobeh_ov_fountains_minmay,
          uniq_joseph
D:11:     lab_entry_generic, serial_shops, shop, special_room, uniq_snorg,
          uniq_erica
Temple:   cyrus_circular_temple
Lab:      labyrinth_watery
Sewer:    sewer_the_crocodile
Ossuary:  ossuary_due_mausoleum

Skill      XL: |  1  2  3  4  5  6  7  8  9 10 |
---------------+-------------------------------+-----
Armour         | 1 2 3 4 5 6 8 |  8.7
Crossbows      | 5 6 7 8 10 11 12 | 12.0
Fighting       | 3 4 5 6 7 8 9 |  9.2
Invocations    | 2 3 |  3.4
Staves         | 6 |  6.3
Dodging        | |  2.1
Stealth        | |  0.7

Action                   |  1- 3 |  4- 6 |  7- 9 | 10-12 || total
-------------------------+-------+-------+-------+-------++-------
Melee: Quarterstaff      |       |       |       |     9 ||     9
       Headbutt          |       |       |       |     3 ||     3
 Fire: Hand crossbow     |    70 |   141 |   398 |   102 ||   711
Evoke: Wand              |       |       |       |    11 ||    11
  Use: Scroll            |       |     4 |    11 |     2 ||    17
       Potion            |       |     4 |       |     6 ||    10
 Stab: Confused          |       |       |       |     1 ||     1
  Eat: Chunk             |       |     6 |    13 |     2 ||    21
Armor: Leather armour    |     4 |    12 |    29 |     6 ||    51
       Skin              |       |       |       |     1 ||     1
Dodge: Dodged            |    19 |    47 |    83 |    30 ||   179

Table legend:
 A = Non-vault XP
 B = Vault XP
 C = Vault XP percentage of total XP
 D = Non-vault monster count
 E = Vault monster count
 F = Vault count percentage of total count
                 A         B        C        D         E       F
            +---------+---------+-------+---------+---------+-------
      Total |    6202 |    2734 |  30.6 |     201 |      52 |  20.6
            +---------+---------+-------+---------+---------+-------
        D:1 |      36 |       0 |   0.0 |      21 |       0 |   0.0
        D:2 |     131 |       0 |   0.0 |      29 |       0 |   0.0
        D:3 |     152 |     244 |  61.6 |      16 |       5 |  23.8
        D:4 |     586 |     107 |  15.4 |      22 |       9 |  29.0
        D:5 |     432 |       0 |   0.0 |      14 |       0 |   0.0
        D:6 |     668 |     835 |  55.6 |      18 |       4 |  18.2
        D:7 |     680 |       0 |   0.0 |      17 |       0 |   0.0
        D:8 |    1015 |       0 |   0.0 |      34 |       0 |   0.0
       D:11 |    2502 |       0 |   0.0 |      30 |       0 |   0.0
        Lab |       0 |    1177 | 100.0 |       0 |       1 | 100.0
      Sewer |       0 |     111 | 100.0 |       0 |       6 | 100.0
    Ossuary |       0 |     260 | 100.0 |       0 |      27 | 100.0
            +---------+---------+-------+---------+---------+-------
